 Dungeon Crawl Stone Soup version 0.31.0-9-g3a7656b989 (console) character file.

Game seed: 13419084269969696325

13761 AlterAsc the Severer (level 12, 0/83 HPs)
             Began as a Formicid Fighter on Jan 31, 2024.
             Was a High Priest of Okawaru.
             Slain by a skyshark (24 damage)
             ... on level 2 of the Lair of Beasts.
             The game lasted 00:21:00 (11477 turns).

AlterAsc the Severer (Formicid Fighter)            Turns: 11477, Time: 00:21:00

Health: 0/83       AC: 18    Str: 30    XL:     12   Next: 36%
Magic:  18/24      EV: 10    Int:  7    God:    Okawaru [*****.]
Gold:   664        SH: 13    Dex: 13    Spells: 11/11 levels left

rFire   + + .        D - +0 broad axe (freeze)
rCold   + . .        C - +0 kite shield
rNeg    . . .        B - +0 plate armour
rPois   .            (helmet unavailable)
rElec   .            (no cloak)
rCorr   .            (no gloves)
SInv    +            w - +0 pair of boots
Will    +....        (no amulet) Stlth
                     k - +6 ring of strength
HPRegen 0.33/turn    T - ring "Toexzick" {rF++ rC+ MP+9 Int-3 SInv}
MPRegen 0.19/turn

%: no passive effects
@: heroic, finesse-ful
A: permanent stasis, dig shafts and tunnels, antennae 3, four strong arms
a: Dig, Shaft Self, Renounce Religion, Heroism, Finesse, Duel


You were on level 2 of the Lair of Beasts.
You worshipped Okawaru.
Okawaru was extremely pleased with you.
You visited 2 branches of the dungeon, and saw 11 of its levels.

You collected 664 gold pieces.

Inventory:

Hand Weapons
 a - a +0 war axe
 b - a +3 battleaxe
 D - a +0 broad axe of freezing (weapon)
 G - a +2 flail of holy wrath
 N - a +2 trident of venom
Missiles
 A - 35 poisoned darts (quivered)
Armour
 c - a +0 buckler
 g - a +0 tower shield
 w - a +0 pair of boots (worn)
 B - a +0 plate armour (worn)
 C - a +0 kite shield (worn)
Jewellery
 k - a +6 ring of strength (left hand)
 m - an amulet of magic regeneration
 q - a ring of magical power
 P - an amulet of guardian spirit
 T - the ring "Toexzick" (right hand) {rF++ rC+ MP+9 Int-3 SInv}
   (You found it on level 2 of the Lair of Beasts)

   [ring of magical power]

   Int-3:     It affects your intelligence (-3).
   rF++:      It greatly protects you from fire.
   rC+:       It protects you from cold.
   MP+9:      It affects your magic capacity (+9).
   SInv:      It lets you see invisible.
Wands
 l - a wand of digging (5)
 u - a wand of roots (12)
 M - a wand of flame (19)
 U - a wand of quicksilver (4)
 W - a wand of polymorph (5)
Scrolls
 f - 3 scrolls of acquirement
 i - 4 scrolls of fog
 j - 7 scrolls of vulnerability
 n - a scroll of revelation {unknown}
 o - a scroll of amnesia {unknown}
 r - 3 scrolls of noise
 s - 2 scrolls of poison
 v - 2 scrolls of silence {unknown}
 y - 6 scrolls of teleportation {unknown}
 F - a scroll of enchant armour {unknown}
 H - a scroll of blinking {unknown}
 I - a scroll of brand weapon {unknown}
 L - a scroll of immolation {unknown}
 O - a scroll of butterflies {unknown}
 Q - a scroll of fear {unknown}
 R - a scroll of identify
Potions
 d - a potion of might
 e - 4 potions of curing
 h - a potion of resistance {unknown}
 p - 2 potions of magic {unknown}
 t - 2 potions of berserk rage {unknown}
 x - a potion of invisibility {unknown}
 z - 3 potions of attraction {unknown}
 E - 3 potions of mutation
 J - a potion of brilliance {unknown}
 K - 3 potions of degeneration
 S - a potion of haste {unknown}
 V - a potion of lignification {unknown}


   Skills:
 + Level 4.2(9.2) Fighting
 + Level 15.0(20.0) Axes
 - Level 9.3(14.3) Armour
 - Level 11.0(16.0) Shields
 + Level 4.1 Invocations


You had 11 spell levels left.
You didn't know any spells.
Your spell library contained the following spells:

 Spells                   Type           Power      Damage    Failure   Level
 Magic Dart               Conj           0%         1d3       98%         1
 Slow                     Hex            0%         N/A       98%         1
 Confusing Touch          Hex            0%         N/A       100%        3
 Sigil of Binding         Hex            0%         N/A       100%        3
 Vampiric Draining        Necr           0%         2d6       100%        3
 Volatile Blastmotes      Fire/Tloc      0%         2d10      100%        3
 Fulminant Prism          Conj/Alch      0%         3d5       100%        4
 Iskenderun's Mystic Bla  Conj/Tloc      0%         2d3       100%        4
 Blink                    Tloc           Unusable   N/A       N/A         2
 Call Imp                 Summ           Unusable   N/A       N/A         2
 Summon Ice Beast         Ice/Summ       Unusable   N/A       N/A         3
 Summon Mana Viper        Hex/Summ       Unusable   N/A       N/A         5
 Monstrous Menagerie      Summ           Unusable   N/A       N/A         7

Dungeon Overview and Level Annotations

Branches:
Dungeon (9/15)             Temple (0/1) D:4            Lair (2/5) D:9
  Swamp: Lair:2-3    Shoals: Lair:2-3     Snake: Lair:2-3    Spider: Lair:2-3
    Orc: D:9-12

Altars:
Cheibriados
Dithmenos
Gozag
Hepliaklqana
Kikubaaqudgha
Okawaru
Uskayaw
Xom

Annotations:
D:6 3 runed translucent doors, chipmonk's ghost, novice TrFi


Innate Abilities, Weirdness & Mutations

You cannot be hasted, slowed, berserked, paralysed or teleported.
You can dig through walls and to a lower floor.
You have a pair of large antennae on your head. (SInv)
Your four strong arms can wield two-handed weapons with a shield.


Message History

The wolf bites something!
You block the skyshark's attack.
The skyshark tail-slaps you but does no damage.
The skyshark tail-slaps you. You block the wolf's attack.
You slash the skyshark!
The skyshark seems to slow down.
You freeze the skyshark.
The skyshark is lightly wounded.
You barely miss the wolf.
The wolf bites something.
You slash the skyshark!
The skyshark seems to slow down.
You freeze the skyshark.
The skyshark is moderately wounded.
You closely miss the wolf. You block the wolf's attack.
You block the skyshark's attack.
The skyshark tail-slaps you but does no damage. x2
The wolf bites something!
You barely miss the skyshark.
The skyshark is moderately wounded.
You closely miss the wolf. You block the wolf's attack.
You barely miss the skyshark.
The skyshark is moderately wounded.
You hit the wolf. You freeze the wolf.
The wolf bites something!
You barely miss the skyshark.
The skyshark is moderately wounded.
You closely miss the wolf. You block the wolf's attack. The skyshark bites you!
You block the skyshark's attack. The skyshark tail-slaps you!
* * * LOW HITPOINT WARNING * * *
You feel better.
The wolf bites something.
The wolf closely misses you.
The wolf bites something!
The skyshark bites you but does no damage.
The skyshark tail-slaps you.
* * * LOW HITPOINT WARNING * * *
The skyshark completely misses you.
You slash the skyshark! You freeze the skyshark.
The skyshark is moderately wounded.
You slash the wolf! You freeze the wolf. The wolf bites you but does no damage.
You hit the skyshark. You freeze the skyshark.
The skyshark is heavily wounded.
You slice the wolf!! You freeze the wolf.
You kill the wolf!
Okawaru accepts your kill.
The wolf bites something!
You completely miss the skyshark.
The skyshark is heavily wounded.
The skyshark bites you!!
You die...

...##.P ...P#..
...... ##### #....#
#@#P# .
###...###†Fh## .(#
.##.....##.....#.....
........#....†..#
.P.......#..........#
.P.......#......##..#
.P...............# ..
.##P.P..P#....P..##
....P...##......#.##
{
........##.........##
.
.#...#..............#
..


You could see a skyshark (berserk, slow) and a wolf.

Vanquished Creatures
  A rakshasa (D:8)
  3 two-headed ogres
  Joseph (D:7)
  2 cane toads
  An unseen horror zombie (D:9)
  3 komodo dragons
  A kobold demonologist (D:9)
  A hornet (D:9)
  Prince Ribbit (D:7)
  19 yaks
  A wraith (D:8)
  A vampire (D:8)
  A basilisk (Lair:2)
  Eustachio (D:5)
  3 vampire mosquitoes (D:8)
  Edmund (D:6)
  3 ice beasts
  A sky beast (D:6)
  An orc warrior (D:8)
  A black bear (D:5)
  3 ogres
  9 wolves
  A centaur (D:9)
  3 phantoms (D:5)
  3 kobold brigands
  15 bullfrogs
  6 scorpions
  2 gnoll sergeants
  6 wights
  9 killer bees
  4 howler monkeys (D:7)
  2 centaur zombies (D:9)
  4 hounds
  2 gnoll boudas
  An orc priest (D:8)
  2 sleepcaps (D:7)
  2 iguanas
  2 orc wizards
  2 howler monkey zombies (D:9)
  19 gnolls
  8 adders
  3 white imps
  2 dart slugs
  A ribbon worm (D:5)
  12 orcs
  4 bats
  2 endoplasms
  3 giant cockroaches
  2 goblins
  3 hobgoblins
  3 quokkas
  8 ball pythons
  A frilled lizard (D:3)
  24 kobolds
  6 rats
226 creatures vanquished.

Notes
Turn   | Place    | Note
-------+----------+-------------------------------------------
     0 | D:1      | AlterAsc the Formicid Fighter began the quest for the Orb.
     0 | D:1      | Reached XP level 1. HP: 18/18 MP: 1/1
   241 | D:1      | Found an ancient bone altar of Kikubaaqudgha.
   306 | D:1      | Reached XP level 2. HP: 17/24 MP: 2/2
   888 | D:2      | Reached skill level 3 in Axes
   986 | D:2      | Reached XP level 3. HP: 18/29 MP: 3/3
  1910 | D:3      | Noticed a scorpion
  1917 | D:3      | Killed a scorpion
  1918 | D:3      | Reached skill level 4 in Axes
  1918 | D:3      | Reached XP level 4. HP: 31/35 MP: 4/4
  1918 | D:3      | Reached XP level 5. HP: 36/41 MP: 5/5
  2149 | D:3      | Found a snail-covered altar of Cheibriados.
  2158 | D:3      | Found an iron altar of Okawaru.
  2161 | D:3      | Became a worshipper of Warmaster Okawaru
  2279 | D:4      | Noticed an ice beast
  2379 | D:4      | Reached skill level 5 in Axes
  2379 | D:4      | Reached skill level 1 in Invocations
  2901 | D:4      | Killed an ice beast
  2902 | D:4      | Reached XP level 6. HP: 47/47 MP: 6/8
  2905 | D:4      | Found a staircase to the Ecumenical Temple.
  3223 | D:5      | Entered Level 5 of the Dungeon
  3234 | D:5      | Noticed an ogre
  3244 | D:5      | Killed an ogre
  3245 | D:5      | Reached skill level 6 in Axes
  3333 | D:5      | Reached XP level 7. HP: 35/52 MP: 9/9
  3406 | D:5      | Reached * piety under Okawaru
  3407 | D:5      | Reached skill level 7 in Axes
  3455 | D:5      | Found a hazy altar of Hepliaklqana.
  3713 | D:5      | Reached skill level 8 in Axes
  3747 | D:5      | Reached XP level 8. HP: 52/58 MP: 10/10
  4258 | D:5      | Reached skill level 9 in Axes
  4523 | D:5      | Noticed Eustachio
  4542 | D:5      | Killed Eustachio
  4542 | D:5      | Reached ** piety under Okawaru
  4875 | D:6      | Noticed Edmund
  4895 | D:6      | Killed Edmund
  4896 | D:6      | Reached skill level 10 in Axes
  4896 | D:6      | Reached XP level 9. HP: 38/64 MP: 8/11
  5124 | D:6      | Found a shadowy altar of Dithmenos.
  5245 | D:6      | Reached skill level 11 in Axes
  5582 | D:6      | Found a runed translucent gate.
  5582 | D:6      | Found a runed translucent gate.
  5582 | D:6      | Found a runed translucent gate.
  5582 | D:6      | Noticed a kobold demonologist
  5582 | D:6      | Noticed chipmonk's ghost (novice TrFi)
  5786 | D:7      | Identified 3 scrolls of acquirement
  5807 | D:7      | Noticed Joseph
  5813 | D:7      | Reached *** piety under Okawaru
  5905 | D:7      | Reached skill level 12 in Axes
  5989 | D:7      | Found a hide-covered altar of Uskayaw.
  6006 | D:7      | Killed Joseph
  6061 | D:7      | Found an opulent altar of Gozag.
  6077 | D:7      | Reached XP level 10. HP: 69/70 MP: 12/12
  6187 | D:7      | Noticed Prince Ribbit
  6207 | D:7      | Killed Prince Ribbit
  6348 | D:7      | Reached skill level 13 in Axes
  6349 | D:7      | Reached skill level 5 in Shields
  6352 | D:7      | Reached **** piety under Okawaru
  6860 | D:8      | Noticed a two-headed ogre
  6872 | D:8      | Killed a two-headed ogre
  6873 | D:8      | Reached skill level 5 in Armour
  7276 | D:8      | Noticed a rakshasa
  7290 | D:8      | Killed a rakshasa
  7291 | D:8      | Reached XP level 11. HP: 21/75 MP: 11/13
  7818 | D:8      | Found a shimmering altar of Xom.
  8161 | D:8      | Reached ***** piety under Okawaru
  8338 | D:8      | Noticed a two-headed ogre
  8348 | D:8      | Killed a two-headed ogre
  8349 | D:8      | Reached skill level 14 in Axes
  8543 | D:9      | Found a staircase to the Lair.
  9049 | D:9      | Noticed a two-headed ogre
  9055 | D:9      | Killed a two-headed ogre
  9055 | D:9      | Received a gift from Okawaru
  9792 | Lair:1   | Entered Level 1 of the Lair of Beasts
  9880 | Lair:1   | Reached skill level 10 in Shields
 10452 | Lair:1   | Reached XP level 12. HP: 49/81 MP: 14/14
 11060 | Lair:2   | Identified the ring "Toexzick" {rF++ rC+ MP+9 Int-3 SInv}
 11223 | Lair:2   | Reached skill level 15 in Axes
 11459 | Lair:2   | Noticed a skyshark
 11477 | Lair:2   | Slain by a skyshark

Illustrated notes

Levels and vault maps discovered:
D:1:      dpeg_arrival_lava_altar, layout_basic
D:2:      layout_loops_ring, minmay_misc_feat_more_columns,
          kennysheep_generic_room_7
D:3:      layout_loops_cross, mainiacjoe_overflow_swirl
D:4:      layout_basic, minmay_temple_entry_nine_rooms, serial_glass,
          glass_columns_a, glass_columns_b, grunt_ministairs_1
D:5:      minmay_inner_zag, layout_basic,
          mainiacjoe_overflow_concentric_impassable, lightli_minifort,
          uniq_eustachio
D:6:      layout_rooms, mainiacjoe_overflow_chevrons,
          gammafunk_ghost_nasty_kobolds, chequers_arboretum, uniq_edmund
D:7:      layout_loops_ring, grunt_gozag_statues, mainiacjoe_overflow_alcove_1,
          uniq_prince_ribbit1, uniq_joseph
D:8:      wad_cavern_with_rooms, layout_basic, regret_index_xom_buried_treasure
D:9:      layout_basic, lair_entry_dummy, serial_undead, serial_undead_b,
          serial_undead_f, serial_undead_f, serial_undead_e
Lair:1:   layout_roguey
Lair:2:   layout_gridlike, lemuel_fruit_fields, grunt_megastairs_5

Skill      XL: |  1  2  3  4  5  6  7  8  9 10 11 12 |
---------------+-------------------------------------+-----
Axes           | 3 4 5 6 8 10 12 13 14 15 | 15.0
Invocations    | 2 3 4 |  4.1
Armour         | 6 8 9 |  9.3
Shields        | 7 10 11 | 11.0
Fighting       | 4 |  4.2

Action                     |  1- 3 |  4- 6 |  7- 9 | 10-12 || total
---------------------------+-------+-------+-------+-------++-------
  Melee: War axe           |    69 |    47 |    75 |       ||   191
         Broad axe         |       |       |   167 |   456 ||   623
  Throw: Dart              |       |       |     8 |    11 ||    19
 Invoke: Heroism           |       |       |     3 |     4 ||     7
         Finesse           |       |       |       |     1 ||     1
Ability: Dig               |     1 |       |     3 |     1 ||     5
    Use: Scroll            |       |       |     8 |       ||     8
         Potion            |       |       |       |     1 ||     1
 Armour: Scale mail        |    48 |    29 |    18 |       ||    95
         Plate armour      |       |       |   154 |   285 ||   439
  Dodge: Dodged            |    30 |    22 |    83 |    96 ||   231
  Block: Buckler           |    20 |     5 |    48 |     6 ||    79
         Kite shield       |       |       |       |   163 ||   163
